 Dungeon Crawl Stone Soup version 0.17-a0-957-ga3519be (webtiles) character file.

361 oplop the Gusty (level 6, 0/32 HPs)
             Began as a Tengu Air Elementalist on May 7, 2015.
             Was an Initiate of Vehumet.
             Slain by a hound (3 damage)
             ... on level 5 of the Dungeon.
             The game lasted 00:06:57 (3354 turns).

oplop the Gusty (Tengu Air Elementalist)            Turns: 3354, Time: 00:06:57

Health: 0/32       AC:  2    Str: 14    XL:     6   Next: 66%
Magic:  0/12       EV: 18    Int: 17    God:    Vehumet [......]
Gold:   309        SH:  0    Dex: 19    Spells: 4 memorised, 4 levels left

rFire  . . .     SeeInvis .     D - +1 spear (flame)
rCold  . . .     Clarity  .     a - +0 robe
rNeg   . . .     SustAb   .     (no shield)
rPois  .         Gourm    .     (helmet restricted)
rElec  .         Spirit   +     (no cloak)
rCorr  .         Warding  .     (no gloves)
rMut   .         Stasis   .     (boots unavailable)
MR     .....                    j - amulet of guardian spirit
Stlth  +++.......               (no ring)
                                (no ring)

@: mighty, agile, repel missiles, not resistant to hostile enchantments, fairly
stealthy
A: beak, talons 3, able to fly 1
a: Fly, Renounce Religion


You were on level 5 of the Dungeon.
You worshipped Vehumet.
Vehumet was noncommittal.
You were not hungry.

You visited 1 branch of the dungeon, and saw 5 of its levels.

You collected 309 gold pieces.

Inventory:

Hand weapons
 i - a +1 short sword of flaming
 p - a +3 dagger
 D - a +1 spear of flaming (weapon)
Armour
 a - a +0 robe (worn)
Jewellery
 j - an amulet of guardian spirit (around neck)
 u - an uncursed amulet of resist corrosion {unknown}
Magical devices
 w - a wand of flame (18)
 x - a wand of confusion (25)
Scrolls
 f - 3 scrolls of identify {unknown}
 k - a scroll of fog {unknown}
 l - 2 scrolls of random uselessness {unknown}
 q - a scroll of amnesia {unknown}
 r - 4 scrolls of blinking {unknown}
 v - 3 scrolls of noise {unknown}
 y - a scroll of fear {unknown}
 B - a scroll of remove curse {unknown}
 C - a scroll of teleportation {unknown}
Potions
 d - a potion of cancellation {unknown}
 e - a potion of curing
 m - a potion of brilliance {unknown}
 n - a potion of might
 o - a potion of haste {unknown}
 s - a potion of magic {unknown}
 t - a potion of resistance {unknown}
Books
 b - a book of Air

   Spells                             Type                      Level
   a - Shock                          Conjuration/Air              1
   b - Swiftness                      Charms/Air                   2
   c - Repel Missiles                 Charms/Air                   2
   d - Flight                         Charms/Air                   3
   e - Static Discharge               Conjuration/Air              3
   f - Lightning Bolt                 Conjuration/Air              5
Comestibles
 c - 5 bread rations
 h - a meat ration


   Skills:
 - Level 2.1 Dodging
 - Level 2.0 Stealth
 + Level 3.7 Spellcasting
 + Level 4.9 Conjurations
 + Level 6.7 Air Magic


You had 4 spell levels left.
You knew the following spells:

 Your Spells              Type           Power        Failure   Level  Hunger
a - Shock                 Conj/Air       ###.         1%          1    None
b - Static Discharge      Conj/Air       ###.....     6%          3    ###....
c - Repel Missiles        Chrm/Air       ##....       10%         2    ##.....
s - Swiftness             Chrm/Air       ##......     10%         2    ##.....


Dungeon Overview and Level Annotations

Branches:
Dungeon (5/15)
 Temple: D:4-7

Altars:
Qazlal
Vehumet


Innate Abilities, Weirdness & Mutations

You have a beak for a mouth.
You have claws for feet.
You can fly.


Message History

* * * LOW HITPOINT WARNING * * *
The jackal barely misses you. The jackal bites you.
* * * LOW HITPOINT WARNING * * *
The hound closely misses you. The jackal barely misses you.
Unknown command.
You miss the hound.
The hound is severely wounded.
The jackal stops to sniff the ground.
The jackal misses you. The jackal bites you.
* * * LOW HITPOINT WARNING * * *
The hound bites you but does no damage. The jackal bites you.
* * * LOW HITPOINT WARNING * * *
The jackal barely misses you.
Unknown command.
Unknown command.
Drink which item? (? for menu, Esc to quit)
It was a potion of agility.
You feel agile all of a sudden. The jackal closely misses you.
The hound bites you.
You die...

##..##.##.........
#..##.#......####
#.....#......#
#.....#......#
#.....'......#
+.....#......#
#.....#......#
#+##..#......#
#h@#####+##
......hhh......
...............
....##..##..###
#+## #... ....
#... .... +... ...
##+.. ...


You could see a hound and 3 jackals.

Vanquished Creatures
  A phantom (D:3)
  A centaur zombie (D:5)
  Natasha (twice) (D:3)
  5 adders
  8 gnolls (D:4)
  2 oozes
  A worm (D:2)
  A giant gecko (D:2)
  5 orcs
  7 goblins
  7 hobgoblins
  10 jackals
  9 kobolds
  8 bats
  A giant cockroach zombie (D:5)
  7 giant newts
  14 rats
89 creatures vanquished.

Notes
Turn   | Place    | Note
--------------------------------------------------------------
     0 | D:1      | oplop, the Tengu Air Elementalist, began the quest for the Orb.
     0 | D:1      | Reached XP level 1. HP: 10/10 MP: 4/4
   158 | D:1      | Reached XP level 2. HP: 10/15 MP: 6/6
   739 | D:2      | Reached XP level 3. HP: 16/19 MP: 3/7
   756 | D:2      | Learned a level 3 spell: Static Discharge
   759 | D:2      | Learned a level 2 spell: Swiftness
   820 | D:2      | Found a stormy altar of Qazlal.
  1554 | D:3      | Reached skill level 5 in Air Magic
  1554 | D:3      | Reached XP level 4. HP: 24/24 MP: 9/9
  1910 | D:3      | Noticed Natasha
  1916 | D:3      | Killed Natasha
  2160 | D:3      | Gained mutation: You can fly. [Tengu growth]
  2160 | D:3      | Reached XP level 5. HP: 28/28 MP: 7/10
  2189 | D:3      | Noticed a phantom
  2258 | D:3      | Killed a phantom
  2418 | D:3      | Noticed Natasha
  2421 | D:3      | Killed Natasha
  2548 | D:4      | Learned a level 2 spell: Repel Missiles
  2552 | D:4      | Found a radiant altar of Vehumet.
  2566 | D:4      | Became a worshipper of Vehumet
  2670 | D:4      | Reached skill level 6 in Air Magic
  2670 | D:4      | Reached XP level 6. HP: 32/32 MP: 8/12
  3301 | D:5      | Entered Level 5 of the Dungeon
  3354 | D:5      | Slain by a hound

Action                   |  1- 3 |  4- 6 || total
-------------------------+-------+-------++-------
Melee: Short sword       |    94 |       ||    94
       Dagger            |     1 |    53 ||    54
       Spear             |       |    11 ||    11
 Cast: Shock             |    24 |    40 ||    64
       Static Discharge  |       |     9 ||     9
       Repel Missiles    |       |     1 ||     1
  Use: Potion            |       |     3 ||     3
 Stab: Sleeping          |     3 |     1 ||     4
  Eat: Chunk             |     1 |     4 ||     5
       Beef jerky        |       |     3 ||     3
